 Dungeon Crawl Stone Soup version 0.17.2-1-ge4368a0 (webtiles) character file.

9375 Goblin1989 the Slicer (level 11, 0/71 HPs)
             Began as a Kobold Berserker on Sept 3, 2019.
             Was a High Priest of Trog.
             Shot with a poisoned arrow by Nessos (4 damage)
             ... in a volcano.
             The game lasted 00:38:49 (12815 turns).

Goblin1989 the Slicer (Kobold Berserker)           Turns: 12815, Time: 00:38:49

Health: 0/71       AC:  2    Str: 16    XL:     11   Next: 73%
Magic:  3/3        EV: 23    Int:  5    God:    Trog [*****.]
Gold:   657        SH:  8    Dex: 21    Spells: 0 memorised, 10 levels left

rFire  + . .     SeeInvis .     a - +5 rapier (antimagic)
rCold  . . .     Clarity  .     g - +0 animal skin
rNeg   . . .     SustAt   +     j - +1 buckler
rPois  .         Gourm    .     (helmet unavailable)
rElec  .         Spirit   .     (no cloak)
rCorr  .         Warding  .     (no gloves)
rMut   .         Rnd*Tele +     (no boots)
MR     ++...                    r - amulet of faith {!P}
Stlth  ++++++....               (no ring)
                                H - ring of sustain attributes

@: lethally poisoned (0 -> 0), exhausted, regenerating, slowed, very slow, very
resistant to hostile enchantments, very stealthy
A: horns 3, talons 1, agile 1, carnivore 3, fire resistance 1, teleportitis 2,
evolution 1, subdued magic 1
a: Berserk, Trog's Hand, Brothers in Arms, Burn Spellbooks, Renounce Religion


You were in a volcano.
You worshipped Trog.
Trog was extremely pleased with you.
You were very full.

You visited 2 branches of the dungeon, and saw 11 of its levels.
You also visited: Volcano.

You collected 657 gold pieces.

Inventory:

Hand Weapons
 a - a +5 antimagic rapier (weapon)
 b - a +0 dagger of venom
Missiles
 Z - 4 throwing nets {!d, =f}
Armour
 g - a +0 animal skin (worn)
 j - a +1 buckler (worn)
 G - a +0 hat
Jewellery
 r - an amulet of faith (around neck) {!P}
 H - a ring of sustain attributes (left hand)
Wands
 e - a wand of flame (3)
 E - a wand of enslavement (11)
 L - a wand of lightning (11)
Scrolls
 f - a scroll of recharging
 k - 3 scrolls of random uselessness
 o - 3 scrolls of remove curse {@r2}
 z - a scroll of immolation
 M - 2 scrolls of magic mapping
 T - a scroll of teleportation
Potions
 d - a potion of haste
 h - 5 potions of curing {unknown}
 m - 2 potions of ambrosia
 n - a potion of flight
 p - a potion of berserk rage
 t - 2 potions of might
 B - 3 potions of cure mutation {!q}
 C - 3 potions of agility
 K - a potion of brilliance
Books
 l - a book of Unlife

   Spells                             Type                      Level
   a - Recall                         Summoning/Translocation      3
   b - Animate Dead                   Necromancy                   4
   c - Control Undead                 Necromancy                   4
   d - Cigotuvi's Embrace             Necromancy                   5
   e - Death Channel                  Necromancy                   6
   f - Simulacrum                     Ice/Necromancy               6
   Trog disapproves of the use of such an item.
 I - a book of Hinderance

   Spells                             Type                      Level
   a - Confusing Touch                Hexes                        2
   b - Confuse                        Hexes                        3
   c - Gell's Gravitas                Hexes/Translocation          3
   d - Petrify                        Transmutation/Earth          4
   e - Metabolic Englaciation         Hexes/Ice                    5
   Trog disapproves of the use of such an item.
Comestibles
 c - 4 meat rations {@e2}
 i - a beef jerky
 q - a chunk of flesh
 s - 3 slices of pizza
 v - a royal jelly


   Skills:
 + Level 9.0 Fighting
 * Level 14.0 Short Blades
 - Level 2.1 Armour
 + Level 9.3 Dodging
 + Level 10.6 Stealth
 + Level 3.5 Shields


You had 10 spell levels left.
You didn't know any spells.

Dungeon Overview and Level Annotations

Branches:
Dungeon (10/15)            Temple (0/1) D:7            Lair (1/8) D:10
    Orc (0/4) D:10

Altars:
Ashenzari
Dithmenos
Elyvilon
Fedhas
Gozag
Okawaru
Ru
Sif Muna
Xom
Yredelemnul
Beogh

Shops:
D:8 %

Annotations:
D:10 exclusion: oklob sapling Volcano Nessos


Innate Abilities, Weirdness & Mutations

You are small and have problems with some larger weapons.
You are carnivorous and can eat meat at any time.
You have a pair of large horns on your head.
You have sharp toenails.
You are agile. (Dex +2)
Your flesh is heat resistant.
You are sometimes teleported next to monsters.
You evolve.
Your spells are a little easier to cast, but a little less powerful.


Message History

Eating one of 3 chunks of flesh.
This raw flesh tastes great.
You continue eating. x2
Eating one of 2 chunks of flesh.
This raw flesh tastes great.
You continue eating.
HP restored.
You continue eating.
Health restored: 71 You now have 619 gold pieces (gained 11).
The air gets thick with the scent of sulphur.
You now have 644 gold pieces (gained 25).
You now have 657 gold pieces (gained 13).
In the distance, the volcano erupts with a roar.
There is an open door here.
You open the door.
Marking area around Nessos as unsafe for travelling.
A centaur and Nessos come into view.
Found a radiant altar of Vehumet.
A centaur comes into view. It is wielding a shortbow.
Nessos shouts!
The centaur shouts!
The centaur shoots an arrow of flame.
You block the arrow of flame.
Nessos wields a longbow of flaming.
It bursts into flame!
Nessos shoots a poisoned arrow.
You block the poisoned arrow.
The centaur shoots an arrow of flame.
The arrow of flame hits you. The arrow of flame burns you.
The centaur shoots an arrow of flame.
You block the arrow of flame.
There is an open door, spattered with blood here.
Things that are here:
a poisoned arrow; 3 arrows of flame You take 7 damage, and have 64/71 hp.
Unknown command.
Nessos moves out of view.
The centaur shoots an arrow of flame.
The arrow of flame hits you! The arrow of flame burns you.
You see here an arrow of flame.
You take 18 damage, and have 46/71 hp.
O_OOPS!!
MASSIVE DAMAGE!!
Your skin crawls.
You feel resistant to hostile enchantments.
You feel slightly less full.
A red film seems to cover your vision as you go berserk!
You feel yourself moving faster!
You feel mighty!
You feel somewhat less full.
Nessos mumbles some strange words.
Nessos seems to speed up.
You now have 71/106 hp.
You barely miss the centaur. Your kick misses the centaur.
Your headbutt misses the centaur. You barely miss Nessos. You claw Nessos.
Your headbutt misses Nessos.
Nessos is lightly wounded.
You barely miss Nessos. Your headbutt misses Nessos.
Nessos is lightly wounded.
The centaur shoots an arrow of flame.
The arrow of flame hits you. The arrow of flame burns you.
Nessos unwields a longbow of flaming.
It stops flaming.
Nessos hits you.
The centaur unwields a shortbow.
You block the centaur's attack.
There is an open door, spattered with blood here.
Things that are here:
a poisoned arrow; 3 arrows of flame You take 12 damage, and have 61/106 hp.
You barely miss Nessos. Your kick misses Nessos. You headbutt Nessos!!
Nessos is heavily wounded.
You closely miss Nessos. You claw Nessos, but do no damage.
You headbutt Nessos, but do no damage.
Nessos is heavily wounded.
The centaur shoots an arrow of flame.
You block the arrow of flame.
Nessos blinks!
Nessos wields a longbow of flaming.
It bursts into flame!
Nessos shoots a poisoned arrow.
The poisoned arrow hits you! The poisoned arrow burns you.
* * * LOW HITPOINT WARNING * * *
You are poisoned.
You see here a poisoned arrow.
You feel a strong urge to attack something.
You feel sick.
The centaur wields a shortbow.
The centaur shoots an arrow of flame.
The arrow of flame misses you.
The arrow of flame hits Nessos!
The arrow of flame burns Nessos.
Nessos shoots a poisoned arrow.
The poisoned arrow barely misses you.
The poisoned arrow barely misses the centaur.
The poisoned arrow hits the centaur!
The poisoned arrow burns the centaur.
The centaur is poisoned.
There is a rocky tunnel leading out of this place here.
Unknown command.
You take 17 damage, and have 45/106 hp.
You feel sick.
Nessos shoots a poisoned arrow.
The poisoned arrow completely misses you.
The poisoned arrow hits the centaur!!
The poisoned arrow burns the centaur.
The centaur dies!
The centaur shoots an arrow of flame.
The arrow of flame hits you!
* * * LOW HITPOINT WARNING * * *
The arrow of flame burns you.
* * * LOW HITPOINT WARNING * * *
You see here a poisoned arrow.
You take 8 damage, and have 37/106 hp.
Unknown command.
You feel your anger subside.
You are no longer berserk.
You are exhausted.
You feel yourself slow down.
You feel sick.
Nessos pounds the earth with his hooves.
Nessos shoots a poisoned arrow.
The poisoned arrow hits you!!
* * * LOW HITPOINT WARNING * * *
The poisoned arrow burns you.
You die... ██...██ █..8..█ █ █.....██.█ ████

█.....8[$█ ██..████
█.)Ψ..█!$█ §......██
██...██)$█ ≈§......███
██∆████▲██
§§≈§.....8███..(█....██
§≈§§≈§....c.∆.∩(@c.⌂..█
≈≈§§§....8███...█....██
≈§§≈≈§...██


██▲█████▲█ ≈§≈≈§§.§§█ ≈§≈≈§§≈§.. ≈§≈≈≈≈≈§... §§≈≈≈≈≈≈§.. ≈≈§≈§≈ You could see
Nessos and a centaur.

Vanquished Creatures
  The ghost of CALLOUS the Ogre Mage, a journeyman OgFE of Ru (D:9)
  A hill giant (D:10)
  A spiny frog (Lair:1)
  A two-headed ogre (D:9)
  A troll (D:9)
  A deep elf mage (D:9)
  10 yaks
  6 orc warriors
  A water moccasin (D:6)
  3 sky beasts
  A wasp (D:8)
  2 necrophages
  An ice beast (D:6)
  4 phantoms
  7 ogres
  5 centaurs
  A big kobold (D:10)
  A crocodile (D:8)
  2 gnoll sergeants (D:8)
  Blork the orc (D:5)
  2 giant frogs
  5 scorpions
  10 wights (D:10)
  The ghost of DarthKuruptios the Firebug, a weakling DrFE (D:3)
  A lava snake (Volcano)
  7 crimson imps
  5 jellies
  7 orc wizards
  2 giant frog zombies (D:10)
  8 orc priests
  7 hounds
  2 centaur skeletons
  2 giant frog skeletons
  Jessica (D:2)
  3 iguanas
  3 worker ants
  A hound zombie (D:9)
  2 hound skeletons
  16 adders
  18 gnolls
  2 river rats (D:10)
  An adder zombie (D:7)
  2 oozes (D:1)
  2 worms
  2 adder skeletons
  4 giant geckos
  38 orcs
  A ball python (D:5)
  2 giant cockroaches (D:7)
  15 goblins
  8 hobgoblins
  12 jackals
  22 kobolds
  4 quokkas
  8 bats
  2 giant newts
  11 rats
290 creatures vanquished.

Vanquished Creatures (others)
  A centaur (Volcano)
  15 fungi (D:10)
  7 plants (D:10)
23 creatures vanquished.

Grand Total: 313 creatures vanquished

Notes
Turn   | Place    | Note
--------------------------------------------------------------
     0 | D:1      | Goblin1989 the Kobold Berserker began the quest for the Orb.
     0 | D:1      | Reached XP level 1. HP: 14/14 MP: 1/1
    66 | D:1      | Reached XP level 2. HP: 9/19 MP: 2/2
   262 | D:1      | Reached skill level 1 in Stealth
   640 | D:1      | Reached XP level 3. HP: 23/23 MP: 3/3
  1024 | D:2      | Noticed Jessica
  1033 | D:2      | Killed Jessica
  1033 | D:2      | Reached XP level 4. HP: 13/29 MP: 4/4
  1410 | D:2      | Reached ** piety under Trog
  1508 | D:2      | Reached skill level 5 in Short Blades
  1757 | D:2      | Reached XP level 5. HP: 33/33 MP: 5/5
  1860 | D:2      | Found an iron altar of Okawaru.
  2101 | D:3      | Noticed DarthKuruptios's ghost (weakling DrFE)
  2121 | D:3      | Killed DarthKuruptios's ghost
  2661 | D:3      | Reached skill level 6 in Short Blades
  2788 | D:4      | Found a white marble altar of Elyvilon.
  2825 | D:4      | Reached XP level 6. HP: 28/38 MP: 6/6
  2851 | D:4      | Found a deep blue altar of Sif Muna.
  3022 | D:4      | Reached *** piety under Trog
  3091 | D:4      | Found a shimmering altar of Xom.
  3143 | D:4      | Reached XP level 7. HP: 27/44 MP: 7/7
  3161 | D:4      | Reached skill level 7 in Short Blades
  3181 | D:4      | Found a shadowy altar of Dithmenos.
  3836 | D:4      | Found a basalt altar of Yredelemnul.
  3848 | D:4      | Found a shattered altar of Ashenzari.
  3856 | D:4      | Noticed an ogre
  3872 | D:4      | Killed an ogre
  3937 | D:4      | Reached skill level 5 in Fighting
  4016 | D:4      | Reached XP level 8. HP: 42/49 MP: 8/8
  4018 | D:4      | Reached skill level 8 in Short Blades
  4024 | D:4      | Reached **** piety under Trog
  4169 | D:5      | Entered Level 5 of the Dungeon
  4308 | D:5      | Noticed Blork the orc
  4320 | D:5      | Killed Blork the orc
  4320 | D:5      | Reached skill level 5 in Stealth
  4364 | D:5      | Reached skill level 5 in Dodging
  5028 | D:6      | Reached skill level 9 in Short Blades
  5207 | D:6      | Found a sacrificial altar of Ru.
  5451 | D:6      | Reached XP level 9. HP: 55/55 MP: 9/9
  6510 | D:6      | Reached skill level 10 in Short Blades
  7254 | D:7      | Reached ***** piety under Trog
  7705 | D:7      | Reached skill level 11 in Short Blades
  7722 | D:7      | Found a staircase to the Ecumenical Temple.
  8211 | D:8      | Reached XP level 10. HP: 40/63 MP: 10/10
  9084 | D:8      | Found Woduocic's Food Shoppe.
  9967 | D:9      | Found an opulent altar of Gozag.
  9973 | D:9      | Reached skill level 1 in Shields
  9992 | D:9      | Reached skill level 12 in Short Blades
 10212 | D:9      | Noticed CALLOUS's ghost (journeyman OgFE)
 10230 | D:9      | Received a gift from Trog
 10240 | D:9      | Killed CALLOUS's ghost
 10616 | D:9      | Got a crystal spear
 10925 | D:9      | Found a blossoming altar of Fedhas.
 11061 | D:9      | Reached XP level 11. HP: 68/68 MP: 3/11
 11393 | D:10     | Entered Level 10 of the Dungeon
 11401 | D:10     | Noticed a hill giant
 11442 | D:10     | Killed a hill giant
 11442 | D:10     | Reached skill level 13 in Short Blades
 11442 | D:10     | Reached skill level 10 in Stealth
 11481 | D:10     | Found a staircase to the Lair.
 11553 | D:10     | Gained mutation: You expend magic power (3 MP) to strengthen your wands. [mutagenic meat]
 11554 | D:10     | Gained mutation: Your body sometimes deteriorates upon taking damage. [mutagenic meat]
 11555 | D:10     | Gained mutation: You are dopey. (Int -2) [mutagenic meat]
 11556 | D:10     | Gained mutation: You evolve. [mutagenic meat]
 11557 | D:10     | Gained mutation: You have a pair of small horns on your head. [mutagenic meat]
 11558 | D:10     | Gained mutation: You have a pair of horns on your head. [mutagenic meat]
 11632 | D:10     | Gained mutation: You are agile. (Dex +2) [potion of mutation]
 11632 | D:10     | Lost mutation: Your body sometimes deteriorates upon taking damage. [potion of mutation]
 11633 | D:10     | Gained mutation: Your spells are a little easier to cast, but a little less powerful. [potion of mutation]
 11633 | D:10     | Gained mutation: You are occasionally teleported next to monsters. [potion of mutation]
 11633 | D:10     | Lost mutation: You are dopey. (Int -2) [potion of mutation]
 11895 | D:10     | Found a staircase to the Orcish Mines.
 11902 | D:10     | Found a roughly hewn altar of Beogh.
 12090 | D:10     | Gained mutation: You are sometimes teleported next to monsters. [mutagenic meat]
 12091 | D:10     | Gained mutation: Your flesh is heat resistant. [mutagenic meat]
 12093 | D:10     | Lost mutation: You expend magic power (3 MP) to strengthen your wands. [mutagenic meat]
 12094 | D:10     | Gained mutation: You have sharp toenails. [mutagenic meat]
 12190 | D:10     | Reached ****** piety under Trog
 12432 | D:10     | Gained mutation: You have a pair of large horns on your head. [evolution]
 12442 | Lair:1   | Entered Level 1 of the Lair of Beasts
 12504 | Lair:1   | Received a gift from Trog
 12556 | Lair:1   | HP: 2/71 [yak (12)]
 12624 | Lair:1   | Found a dark tunnel.
 12630 | Volcano  | Entered a volcano
 12771 | Volcano  | Reached skill level 14 in Short Blades
 12801 | Volcano  | Found a radiant altar of Vehumet.
 12801 | Volcano  | Noticed Nessos
 12815 | Volcano  | Shot with a poisoned arrow by Nessos

Action                   |  1- 3 |  4- 6 |  7- 9 | 10-12 || total
-------------------------+-------+-------+-------+-------++-------
Melee: Short sword       |    23 |       |   211 |    79 ||   313
       Dagger            |    23 |   234 |   303 |   179 ||   739
       Rapier            |       |       |       |   263 ||   263
Invok: Berserk           |     2 |     5 |    13 |    11 ||    31
       Trog's Hand       |       |     1 |     2 |     5 ||     8
       Burn Spellbooks   |       |       |       |     1 ||     1
  Use: Scroll            |       |       |    11 |    14 ||    25
       Potion            |       |       |       |     4 ||     4
 Stab: Sleeping          |     3 |     7 |    23 |    21 ||    54
       Distracted        |       |       |     1 |     4 ||     5
  Eat: Chunk             |     5 |    18 |    28 |    39 ||    90

Vault maps used:
D:1:      erik_arrival_gehennom
D:2:      okawaru_gym_becter, first_bread, uniq_jessica
D:3:      minmay_goblin_kobold_house
D:4:      elyvilon_altar_5, kennysheep_mini_moat,
          nicolae_overflow_hidden_temple, lemuel_doored_altar,
          minmay_goblin_outpost
D:5:      uniq_blork_the_orc
D:6:      nicolae_ru_awakened_eye
D:7:      minmay_temple_entry_hall
D:8:      serial_shops, shop
D:9:      basic_altar, hangedman_tree_tricks
D:10:     due_lair_maze_entry_diamond, minmay_orc_entry_temple_small,
          introduction_to_nature_2
Lair:1:   enter_volcano_2, beast_lair_carwin_8
Volcano:  volcano_grotto
